AoeStats
← eduhaas

MegaRandom

510226490Analyzed
4v4 RM · 1d ago on Sep 30, 2026· 32m 3s· 8 players
Game mode
Random Map
Map size
Large (8 player)
Population
200
Speed
Normal
Resources
Standard
Victory
Conquest
Starting age
Dark Age
Ending age
Imperial Age
RankedLock teamsTeams togetherTeam positionsShared explorationLock speedFull tech treeHidden civsTurbo modeCheats
Victory
Defeat
🇧🇷 Khmer · Brazil
1087
+16
🇺🇸 Koreans · United States
1014
+19
🇺🇸 Armenians · United States
965
+21
🇨🇭 Danes · Switzerland
935
+21
🇲🇽 Byzantines · Mexico
1090
-20
🇧🇷 Portuguese · Brazil
1075
-19
🇺🇸 Goths · United States
1073
-19
🇺🇸 Celts · United States
1056
-19
Yocko4
10:31 Loom
12:35 Feudal Age
18:24 Castle Age
16:36 Double-Bit Axe
21:12 Wheelbarrow
20:40 Horse Collar
20:56 Gold Mining
26:52 Fletching
29:17 Stone Mining
29:25 Bodkin Arrow
30:35 Forging
30:25 Scale Mail Armor
30:27 Padded Archer Armor
eduhaas
10:48 Feudal Age
14:29 Castle Age
12:34 Double-Bit Axe
12:57 Horse Collar
14:54 Loom
22:06 Stone Mining
23:25 Husbandry
littlestewey
4:50 Loom
10:19 Feudal Age
10:54 Double-Bit Axe
13:01 Wheelbarrow
16:35 Castle Age
17:38 Man-at-Arms
18:08 Horse Collar
21:09 Long Swordsman
24:47 Stone Mining
24:41 Pikeman
Jcn_x
4:20 Loom
12:06 Feudal Age
17:23 Castle Age
16:09 Town Watch
16:13 Double-Bit Axe
16:10 Horse Collar
19:03 Bow Saw
21:44 Bloodlines
22:08 Scale Barding Armor
25:36 Wheelbarrow
25:59 Heavy Plow
31:47 Imperial Age
32:17 Hand Cart
Don_Pelayo_Covadonga
6:32 Loom
10:35 Feudal Age
11:14 Double-Bit Axe
12:25 Horse Collar
13:31 Town Watch
14:28 Pikeman
17:37 Gold Mining
17:44 Man-at-Arms
18:46 Long Swordsman
25:04 Castle Age
24:49 Scale Mail Armor
25:01 Forging
25:34 Wheelbarrow
25:48 Squires
25:16 Two-Handed Swordsman
26:24 Arson
27:06 Chain Mail Armor
29:59 Hand Cart
29:56 Bow Saw
30:26 Gold Shaft Mining
29:44 Stone Mining
30:16 Heavy Plow
31:21 Fletching
AoeAuthority.com
9:07 Loom
11:30 Feudal Age
17:43 Castle Age
15:55 Double-Bit Axe
15:54 Horse Collar
16:49 Fletching
18:18 Crossbowman
18:56 Gold Mining
25:18 Bodkin Arrow
26:15 Bow Saw
27:21 Town Watch
kisameada
2:36 Loom
10:56 Feudal Age
13:09 Double-Bit Axe
13:32 Horse Collar
14:26 Stone Mining
18:44 Castle Age
17:42 Gold Mining
19:58 Bow Saw
23:27 Gold Shaft Mining
22:59 Fletching
26:21 Heavy Plow
Meninkain
3:19 Loom
11:54 Feudal Age
12:41 Man-at-Arms
13:17 Arson
15:45 Double-Bit Axe
23:54 Castle Age
21:46 Horse Collar
23:58 Wheelbarrow
23:26 Scale Mail Armor
24:02 Gold Mining
25:38 Gold Shaft Mining
25:12 Squires
24:57 Gambesons
26:07 Pikeman
30:03 Bow Saw
30:18 Forging
30:24 Chain Mail Armor
29:44 Long Swordsman
Connection lost

Rejoining the realm…

Still unreachable

The connection could not be restored.

Session expired

The server has moved on; the page needs a fresh start.